Panthers vs Capitals
Created - 2 avril 2017 at 22:16
Goals
|
Panthers |
2 |
3 |
2 |
7 |
Capitals |
0 |
0 |
1 |
1 |
|
Shots
|
Panthers |
9 |
21 |
10 |
40 |
Capitals |
11 |
3 |
16 |
30 |
|
1st period
1. Panthers , Sidney Crosby 26 (Sergei Samsonov) at 8:57
2. Panthers , Scott Gomez 31 (Loui Eriksson, Antti Niemi) at 9:52 (PP)
Penalties :
Alexander Perezhogin (Flo) for Holding Stick (Minor) at 3:12, Jarome Iginla (Was) for Roughing (Minor) at 9:19, Marek Zidlicky (Was) for Hooking (Minor) at 14:20
2nd period
3. Panthers , Loui Eriksson 17 (Nick Schultz) at 1:58
4. Panthers , Loui Eriksson 18 (Scott Gomez, Keith Aulie) at 3:53
5. Panthers , Nick Schultz 2 (Alexander Perezhogin, Shawn Horcoff) at 6:55
Penalties :
Patrick Marleau (Was) for Fighting (Major) at 3:56, Erik Gudbranson (Flo) for Fighting (Major) at 3:56, Joe Thornton (Was) for Hooking (Minor) at 7:50, Ondrej Palat (Was) for Fighting (Major) at 14:39, Scott Gomez (Flo) for Fighting (Major) at 14:39
3rd period
6. Capitals , Chris Phillips 3 (Ondrej Palat, Zdeno Chara) at 0:38
7. Panthers , Scott Gomez 32 (Marian Hossa, Sidney Crosby) at 3:26 (PP)
8. Panthers , Scott Gomez 33 (Matthew Spiller) at 13:09 (SH)
Penalties :
Zdeno Chara (Was) for Fighting (Major) at 0:45, Sergei Samsonov (Flo) for Fighting (Major) at 0:45, Joe Thornton (Was) for Fighting (Major) at 2:45, Keith Aulie (Flo) for Fighting (Major) at 2:45, Chris Phillips (Was) for Hooking (Minor) at 3:09, Chris Phillips (Was) for Hooking (Minor) at 4:31, Marian Hossa (Flo) for Slashing (Minor) at 11:46
Goalie Stats
Antti Niemi (Flo), 29 saves from 30 shots - (0,967), W, 25-16-5, 60:00 minutes
Ilya Bryzgalov (Was), 9 saves from 13 shots - (0,692), L, 11-12-2, 23:53 minutes
Jonas Gustavsson (Was), 24 saves from 27 shots - (0,889), 36:07 minutes
Players Stats for Panthers
Player Name G A P +/- PIM S H SB GA TA FO MP PP MP PK MP
------------------------------------------------------------------------------------
Alexander Perezhogin 0 1 1 1 2 1 1 0 0 0 0/0 9:14 0:20 0:00
Andrew Ebbett 0 0 0 0 0 1 2 0 0 1 1/4 12:18 0:24 0:03
Andy McDonald 0 0 0 0 0 2 1 0 0 0 0/0 11:45 0:21 0:33
Brad Stuart 0 0 0 2 0 1 1 1 0 0 0/0 12:05 0:52 0:00
Erik Gudbranson 0 0 0 0 5 2 1 2 1 1 0/0 26:48 3:08 2:17
Jeff Tambellini 0 0 0 1 0 4 2 0 1 2 0/1 15:18 2:07 0:00
Keith Aulie 0 1 1 2 5 3 2 0 0 0 0/0 20:46 2:47 1:41
Loui Eriksson 2 1 3 1 0 3 1 1 0 0 1/2 18:41 2:07 2:04
Marian Hossa 0 1 1 1 2 5 1 1 1 0 4/4 21:14 4:20 0:00
Matthew Spiller 0 1 1 2 0 1 1 3 0 0 0/0 19:37 2:30 1:41
Nick Schultz 1 1 2 2 0 1 0 0 0 0 0/0 9:51 0:00 0:00
Pasi Salonen 0 0 0 1 0 0 1 0 0 0 1/1 8:42 0:00 0:00
Peter Prucha 0 0 0 0 0 4 1 0 0 0 0/0 10:30 0:00 0:00
Scott Gomez 3 1 4 2 5 4 3 0 1 0 1/8 16:21 2:47 1:14
Sergei Samsonov 0 1 1 2 5 1 4 0 3 0 0/0 20:00 3:35 1:14
Shawn Horcoff 0 1 1 1 0 3 1 1 0 0 1/5 9:22 0:00 0:40
Sidney Crosby 1 1 2 1 0 4 1 0 0 0 23/39 22:52 4:20 2:08
Steve Montador 0 0 0 0 0 0 1 4 2 1 0/0 30:32 4:17 2:17
Players Stats for Capitals
Player Name G A P +/- PIM S H SB GA TA FO MP PP MP PK MP
------------------------------------------------------------------------------------
Brian Boyle 0 0 0 0 0 0 2 0 0 0 0/1 7:15 0:00 1:39
Chris Phillips 1 0 1 -3 4 2 0 3 1 1 0/0 27:12 2:26 3:09
Daniel Briere 0 0 0 1 0 2 3 1 1 1 11/16 19:25 1:53 4:26
Erik Karlsson 0 0 0 0 0 3 1 0 0 0 0/0 13:43 0:00 0:12
Jamie Langenbrunner 0 0 0 1 0 1 3 0 0 0 2/3 14:47 1:53 0:00
Jarome Iginla 0 0 0 -3 2 4 2 0 0 0 0/1 19:06 1:58 0:21
Joe Thornton 0 0 0 -3 7 3 4 1 0 1 9/22 22:01 1:51 0:41
Marek Zidlicky 0 0 0 -1 2 1 2 1 0 1 0/0 19:46 1:32 2:01
Mark Giordano 0 0 0 0 0 1 0 1 0 0 0/0 13:36 0:00 1:55
Mike Hoffman 0 0 0 -2 0 0 0 2 0 0 0/0 13:44 0:00 0:04
Ondrej Palat 0 1 1 1 5 5 2 0 1 0 0/0 15:10 1:53 1:53
Patrick Marleau 0 0 0 -3 5 1 2 0 0 0 0/0 18:09 1:58 0:24
Ryan Callahan 0 0 0 0 0 0 0 0 0 0 5/11 9:38 0:04 3:53
Saku Koivu 0 0 0 -2 0 2 0 1 0 0 4/7 13:33 0:00 0:00
Shane Doan 0 0 0 -2 0 3 0 1 1 1 1/1 14:03 0:07 0:00
Tom Preissing 0 0 0 -1 0 1 1 0 1 0 0/0 19:57 1:32 2:23
Tyler Seguin 0 0 0 0 0 0 0 0 0 0 0/2 5:58 0:17 0:13
Zdeno Chara 0 1 1 -3 5 1 3 4 0 4 0/0 26:02 2:26 3:55
3 Stars
1 - Scott Gomez (Flo)
2 - Loui Eriksson (Flo)
3 - Nick Schultz (Flo)
Power Play
Panthers - 2 on 5 Attempt(s) - 40,00%
Capitals - 0 on 2 Attempt(s) - 0,00%
Penalty Kill
Panthers - 2 on 2 Attempt(s) - 100,00%
- Score 1 goal in Penalty Kill
Capitals - 3 on 5 Attempt(s) - 60,00%
- Score 0 goal in Penalty Kill
Team Stat
Panthers - Hits : 25 - Faceoff Wins : 32 - Blocked Shots : 13 - Penalty Minutes : 24
Capitals - Hits : 25 - Faceoff Wins : 32 - Blocked Shots : 15 - Penalty Minutes : 30
Official
Referees : Banfield David and Jackson Dave
Linesman : Greg Devorski and Shane Heyer
Game Notes
Jonas Gustavsson enters game at 3:53 of 2nd period
Patrick Marleau beats up Erik Gudbranson at 3:56 of 2nd period
Scott Gomez beats up Ondrej Palat at 14:39 of 2nd period
Zdeno Chara beats up Sergei Samsonov at 0:45 of 3rd period
Joe Thornton and Keith Aulie fight to a draw at 2:45 of 3rd period
Scott Gomez has scored a Hat Trick!
Finance
Level 1 -- Attendance: 5386 (89,77%) -- Ticket Income 414 722 $
Level 2 -- Attendance: 5000 (100,00%) -- Ticket Income 210 000 $
Level 3 -- Attendance: 1784 (89,20%) -- Ticket Income 48 168 $
Level 4 -- Attendance: 3804 (95,10%) -- Ticket Income 60 864 $
Luxury Box -- Attendance: 845 (84,50%) -- Ticket Income 137 735 $
Game was played at the Verizon Center.
Total Attendance: 16819 (93,44%)
Total Ticket Income: 871 489 $
Other Income: 130 723 $
Total Income: 1 002 212 $
Panthers
5 vs 5 Forward
Center Left Wing Right Wing Time % Phy DF OF
1 Sidney Crosby Sergei Samsonov Marian Hossa 40 0 2 3
2 Scott Gomez Jeff Tambellini Loui Eriksson 30 0 2 3
3 Andrew Ebbett Andy McDonald Peter Prucha 20 1 2 2
4 Shawn Horcoff Pasi Salonen Alexander Perezhogin 10 1 2 2
5 vs 5 Defense
Defense Defense Time % Phy DF OF
1 Steve Montador Erik Gudbranson 40 0 2 3
2 Matthew Spiller Keith Aulie 30 0 2 3
3 Brad Stuart Nick Schultz 20 1 2 2
4 Steve Montador Erik Gudbranson 10 0 2 3
PowerPlay Forward
Center Left Wing Right Wing Time % Phy DF OF
1 Sidney Crosby Sergei Samsonov Marian Hossa 60 1 0 4
2 Scott Gomez Jeff Tambellini Loui Eriksson 40 1 0 4
PowerPlay Defense
Defense Defense Time % Phy DF OF
1 Steve Montador Erik Gudbranson 60 1 1 3
2 Matthew Spiller Keith Aulie 40 1 1 3
Penalty Kill 4 Players Forward
Center Wing Time % Phy DF OF
1 Sidney Crosby Loui Eriksson 60 1 3 1
2 Scott Gomez Sergei Samsonov 40 1 3 1
Penalty Kill 4 Players Defense
Defense Defense Time % Phy DF OF
1 Steve Montador Erik Gudbranson 60 1 4 0
2 Matthew Spiller Keith Aulie 40 1 3 1
Penalty Kill - 3 Players Forward
Forward Time % Phy DF OF
1 Scott Gomez 60 1 3 1
2 Sidney Crosby 40 1 3 1
Penalty Kill - 3 Players Defense
Defense Defense Time % Phy DF OF
1 Steve Montador Erik Gudbranson 60 1 3 1
2 Matthew Spiller Keith Aulie 40 1 3 1
4 vs 4 Forward
Center Wing Time % Phy DF OF
1 Sidney Crosby Marian Hossa 60 0 2 3
2 Scott Gomez Loui Eriksson 40 0 2 3
4 vs 4 Defense
Defense Defense Time % Phy DF OF
1 Steve Montador Erik Gudbranson 60 0 2 3
2 Matthew Spiller Keith Aulie 40 1 2 2
Last Minutes Offensive
Center Left Wing Right Wing Defense Defense
Sidney Crosby Sergei Samsonov Marian Hossa Steve Montador Erik Gudbranson
Last Minutes Defensive
Center Left Wing Right Wing Defense Defense
Scott Gomez Sergei Samsonov Loui Eriksson Erik Gudbranson Steve Montador
Goaltenders
Starting : Antti Niemi
Backup : Keith Kinkaid
Extra Forwards
Normal : Loui Eriksson, Marian Hossa, Scott Gomez - PP : Scott Gomez, Sidney Crosby - PK : Shawn Horcoff
Extra Defensemen
Normal : Keith Aulie, Erik Gudbranson, Steve Montador - PP : Keith Aulie - PK : Erik Gudbranson, Steve Montador
Penalty Shots
Sidney Crosby, Sergei Samsonov, Peter Prucha, Marian Hossa, Jeff Tambellini
Capitals
5 vs 5 Forward
Center Left Wing Right Wing Time % Phy DF OF
1 Joe Thornton Patrick Marleau Jarome Iginla 40 1 2 2
2 Daniel Briere Ondrej Palat Jamie Langenbrunner 30 1 2 2
3 Saku Koivu Mike Hoffman Shane Doan 20 1 2 2
4 Brian Boyle Joe Thornton Ryan Callahan 10 1 2 2
5 vs 5 Defense
Defense Defense Time % Phy DF OF
1 Chris Phillips Zdeno Chara 40 1 2 2
2 Marek Zidlicky Tom Preissing 30 1 2 2
3 Erik Karlsson Mark Giordano 20 1 2 2
4 Chris Phillips Zdeno Chara 10 1 2 2
PowerPlay Forward
Center Left Wing Right Wing Time % Phy DF OF
1 Joe Thornton Patrick Marleau Jarome Iginla 60 1 2 2
2 Daniel Briere Ondrej Palat Jamie Langenbrunner 40 1 2 2
PowerPlay Defense
Defense Defense Time % Phy DF OF
1 Chris Phillips Zdeno Chara 60 1 2 2
2 Marek Zidlicky Tom Preissing 40 1 2 2
Penalty Kill 4 Players Forward
Center Wing Time % Phy DF OF
1 Joe Thornton Daniel Briere 60 1 2 2
2 Jarome Iginla Patrick Marleau 40 1 2 2
Penalty Kill 4 Players Defense
Defense Defense Time % Phy DF OF
1 Chris Phillips Zdeno Chara 60 1 2 2
2 Marek Zidlicky Tom Preissing 40 1 2 2
Penalty Kill - 3 Players Forward
Forward Time % Phy DF OF
1 Joe Thornton 60 1 2 2
2 Daniel Briere 40 1 2 2
Penalty Kill - 3 Players Defense
Defense Defense Time % Phy DF OF
1 Chris Phillips Zdeno Chara 60 1 2 2
2 Marek Zidlicky Tom Preissing 40 1 2 2
4 vs 4 Forward
Center Wing Time % Phy DF OF
1 Joe Thornton Daniel Briere 60 1 2 2
2 Jarome Iginla Patrick Marleau 40 1 2 2
4 vs 4 Defense
Defense Defense Time % Phy DF OF
1 Chris Phillips Zdeno Chara 60 1 2 2
2 Marek Zidlicky Tom Preissing 40 1 2 2
Last Minutes Offensive
Center Left Wing Right Wing Defense Defense
Joe Thornton Patrick Marleau Jarome Iginla Chris Phillips Zdeno Chara
Last Minutes Defensive
Center Left Wing Right Wing Defense Defense
Joe Thornton Patrick Marleau Jarome Iginla Chris Phillips Zdeno Chara
Goaltenders
Starting : Ilya Bryzgalov
Backup : Jonas Gustavsson
Extra Forwards
Normal : Tyler Seguin, Shane Doan, Ryan Callahan - PP : Tyler Seguin, Shane Doan - PK : Ryan Callahan
Extra Defensemen
Normal : Erik Karlsson, Mark Giordano, Marek Zidlicky - PP : Erik Karlsson - PK : Mark Giordano, Marek Zidlicky
Penalty Shots
Joe Thornton, Daniel Briere, Jarome Iginla, Patrick Marleau, Jamie Langenbrunner
% Time on Ice - Panthers
Lines # - Real PCT - Wanted PCT - Time Play
Normal Forward
1 - 33% - 40% - 16:24
2 - 28% - 30% - 13:39
3 - 21% - 20% - 10:30
4 - 18% - 10% - 8:42
Normal Defense
1 - 41% - 40% - 20:12
2 - 31% - 30% - 15:26
3 - 20% - 20% - 9:51
4 - 8% - 10% - 3:46
PP Forward
1 - 69% - 60% - 4:40
2 - 31% - 40% - 2:07
PP Defense
1 - 63% - 60% - 4:17
2 - 37% - 40% - 2:30
PK Forward
1 - 69% - 60% - 2:44
2 - 31% - 40% - 1:14
PK Defense
1 - 58% - 60% - 2:17
2 - 42% - 40% - 1:41
PK3 Forward
1 - 0% - 60%
2 - 0% - 40%
PK3 Defense
1 - 0% - 60%
2 - 0% - 40%
44 Forward
1 - 0% - 60%
2 - 0% - 40%
44 Defense
1 - 0% - 60%
2 - 0% - 40%
Last Minute Offensive - 0:00
Last Minute Defensive - 0:00
Total
Forward - 60:00
Defense - 60:00
|
% Time on Ice - Capitals
Lines # - Real PCT - Wanted PCT - Time Play
Normal Forward
1 - 35% - 40% - 17:16
2 - 26% - 30% - 12:57
3 - 28% - 20% - 13:33
4 - 11% - 10% - 5:29
Normal Defense
1 - 39% - 40% - 19:22
2 - 33% - 30% - 16:02
3 - 23% - 20% - 11:05
4 - 6% - 10% - 2:46
PP Forward
1 - 53% - 60% - 2:05
2 - 47% - 40% - 1:53
PP Defense
1 - 61% - 60% - 2:26
2 - 39% - 40% - 1:32
PK Forward
1 - 94% - 60% - 6:23
2 - 6% - 40% - 0:24
PK Defense
1 - 72% - 60% - 4:55
2 - 28% - 40% - 1:52
PK3 Forward
1 - 0% - 60%
2 - 0% - 40%
PK3 Defense
1 - 0% - 60%
2 - 0% - 40%
44 Forward
1 - 0% - 60%
2 - 0% - 40%
44 Defense
1 - 0% - 60%
2 - 0% - 40%
Last Minute Offensive - 0:00
Last Minute Defensive - 0:00
Total
Forward - 60:00
Defense - 60:00
|
Play by Play
1st period
0:01 of 1st period - Sidney Crosby wins face-off versus Joe Thornton in neutral zone.
0:08 of 1st period - Snap shot by Marian Hossa.
0:08 of 1st period - Shot Blocked by Zdeno Chara.
0:10 of 1st period - Snap shot by Erik Gudbranson.
0:10 of 1st period - Stopped by Ilya Bryzgalov with a rebound.
0:14 of 1st period - Wrist shot by Marian Hossa.
0:14 of 1st period - Stopped by Ilya Bryzgalov with a rebound.
0:30 of 1st period - Snap shot by Ondrej Palat.
0:30 of 1st period - Shot Misses the Net.
0:32 of 1st period - Slapshot by Zdeno Chara.
0:32 of 1st period - Shot Blocked by Loui Eriksson.
0:34 of 1st period - Slapshot by Chris Phillips.
0:34 of 1st period - Shot Misses the Net.
1:27 of 1st period - Marek Zidlicky is hit by Sergei Samsonov.
1:47 of 1st period - Tom Preissing is hit by Scott Gomez.
2:20 of 1st period - Off-side.
2:21 of 1st period - Daniel Briere wins face-off versus Sidney Crosby in neutral zone.
2:35 of 1st period - Sidney Crosby is hit by Ondrej Palat and loses puck.
3:12 of 1st period - Minor Penalty to Alexander Perezhogin for Holding Stick.
3:13 of 1st period - Daniel Briere wins face-off versus Sidney Crosby in Panthers zone.
3:22 of 1st period - Snap shot by Ondrej Palat.
3:22 of 1st period - Stopped by Antti Niemi with a rebound.
3:24 of 1st period - Slapshot by Zdeno Chara.
3:24 of 1st period - Stopped by Antti Niemi with a rebound.
4:06 of 1st period - Patrick Marleau is hit by Sidney Crosby.
5:11 of 1st period - Keith Aulie is hit by Zdeno Chara and loses puck.
5:12 of 1st period - Penalty to Alexander Perezhogin is over, Alexander Perezhogin is back on ice.
5:34 of 1st period - Slapshot by Shane Doan.
5:34 of 1st period - Shot Blocked by Matthew Spiller.
6:10 of 1st period - Brad Stuart is hit by Tom Preissing and loses puck.
6:56 of 1st period - Steve Montador is hit by Brian Boyle and loses puck.
7:03 of 1st period - Shawn Horcoff is hit by Joe Thornton and loses puck.
7:26 of 1st period - Peter Prucha is hit by Jamie Langenbrunner and loses puck.
8:08 of 1st period - Ondrej Palat is hit by Erik Gudbranson and loses puck.
8:14 of 1st period - Icing by Jamie Langenbrunner.
8:15 of 1st period - Jamie Langenbrunner wins face-off versus Andrew Ebbett in Capitals zone.
8:25 of 1st period - Snap shot by Andrew Ebbett.
8:25 of 1st period - Shot Blocked by Marek Zidlicky.
8:27 of 1st period - Slapshot by Brad Stuart.
8:27 of 1st period - Shot Misses the Net.
8:29 of 1st period - Wrist shot by Andy McDonald.
8:29 of 1st period - Stopped by Ilya Bryzgalov with a rebound.
8:31 of 1st period - Wrist shot by Peter Prucha.
8:31 of 1st period - Shot Misses the Net.
8:41 of 1st period - Wrist shot by Ondrej Palat.
8:41 of 1st period - Shot Misses the Net.
8:43 of 1st period - Slapshot by Jamie Langenbrunner.
8:43 of 1st period - Stopped by Antti Niemi without a rebound.
8:44 of 1st period - Joe Thornton wins face-off versus Sidney Crosby in Panthers zone.
8:57 of 1st period - Wrist shot by Sidney Crosby.
8:57 of 1st period - Goal by Sidney Crosby - Panthers : 1 - Capitals : 0.
8:58 of 1st period - Sidney Crosby wins face-off versus Joe Thornton in neutral zone.
9:19 of 1st period - Minor Penalty to Jarome Iginla for Roughing.
9:20 of 1st period - Joe Thornton wins face-off versus Sidney Crosby in Capitals zone.
9:20 of 1st period - Joe Thornton is hit by Steve Montador.
9:52 of 1st period - Snap shot by Scott Gomez.
9:52 of 1st period - Goal by Scott Gomez - Panthers : 2 - Capitals : 0.
9:53 of 1st period - Sidney Crosby wins face-off versus Joe Thornton in neutral zone.
9:58 of 1st period - Slapshot by Sergei Samsonov.
9:58 of 1st period - Shot Misses the Net.
10:04 of 1st period - Wrist shot by Patrick Marleau.
10:04 of 1st period - Shot Hit the Post.
10:06 of 1st period - Slapshot by Patrick Marleau.
10:06 of 1st period - Shot Misses the Net.
10:08 of 1st period - Wrist shot by Joe Thornton.
10:08 of 1st period - Stopped by Antti Niemi with a rebound.
11:08 of 1st period - Off-side.
11:09 of 1st period - Daniel Briere wins face-off versus Sidney Crosby in neutral zone.
12:07 of 1st period - Wrist shot by Saku Koivu.
12:07 of 1st period - Stopped by Antti Niemi with a rebound.
12:09 of 1st period - Slapshot by Erik Karlsson.
12:09 of 1st period - Shot Blocked by Brad Stuart.
12:26 of 1st period - Off-side.
12:27 of 1st period - Sidney Crosby wins face-off versus Daniel Briere in neutral zone.
12:53 of 1st period - Joe Thornton is hit by Jeff Tambellini and loses puck.
13:02 of 1st period - Wrist shot by Scott Gomez.
13:02 of 1st period - Stopped by Ilya Bryzgalov with a rebound.
13:04 of 1st period - Wrist shot by Loui Eriksson.
13:04 of 1st period - Stopped by Ilya Bryzgalov with a rebound.
13:27 of 1st period - Pasi Salonen is hit by Joe Thornton and loses puck.
13:58 of 1st period - Wrist shot by Jarome Iginla.
13:58 of 1st period - Stopped by Antti Niemi with a rebound.
14:20 of 1st period - Minor Penalty to Marek Zidlicky for Hooking.
14:21 of 1st period - Ryan Callahan wins face-off versus Sidney Crosby in Capitals zone.
14:54 of 1st period - Jeff Tambellini is hit by Brian Boyle and loses puck.
15:28 of 1st period - Icing by Keith Aulie.
15:29 of 1st period - Scott Gomez wins face-off versus Ryan Callahan in Panthers zone.
15:33 of 1st period - Off-side.
15:34 of 1st period - Ryan Callahan wins face-off versus Sidney Crosby in neutral zone.
15:47 of 1st period - Backhand shot by Ondrej Palat.
15:47 of 1st period - Stopped by Antti Niemi with a rebound.
16:00 of 1st period - Tom Preissing is hit by Marian Hossa and loses puck.
16:20 of 1st period - Penalty to Marek Zidlicky is over, Marek Zidlicky is back on ice.
16:31 of 1st period - Snap shot by Sergei Samsonov.
16:31 of 1st period - Deflect By Marian Hossa.
16:31 of 1st period - Shot Misses the Net.
16:31 of 1st period - Puck is out of play.
16:32 of 1st period - Saku Koivu wins face-off versus Scott Gomez in Capitals zone.
16:45 of 1st period - Wrist shot by Saku Koivu.
16:45 of 1st period - Shot Blocked by Steve Montador.
16:47 of 1st period - Snap shot by Saku Koivu.
16:47 of 1st period - Shot Blocked by Erik Gudbranson.
17:01 of 1st period - Wrist shot by Joe Thornton.
17:01 of 1st period - Stopped by Antti Niemi with a rebound.
17:03 of 1st period - Wrist shot by Jarome Iginla.
17:03 of 1st period - Stopped by Antti Niemi without a rebound.
17:04 of 1st period - Daniel Briere wins face-off versus Scott Gomez in Panthers zone.
17:33 of 1st period - Keith Aulie is hit by Joe Thornton and loses puck.
17:42 of 1st period - Snap shot by Joe Thornton.
17:42 of 1st period - Stopped by Antti Niemi without a rebound.
17:43 of 1st period - Marian Hossa wins face-off versus Saku Koivu in Panthers zone.
18:31 of 1st period - Wrist shot by Patrick Marleau.
18:31 of 1st period - Shot Blocked by Matthew Spiller.
18:33 of 1st period - Snap shot by Ondrej Palat.
18:33 of 1st period - Stopped by Antti Niemi without a rebound.
18:34 of 1st period - Daniel Briere wins face-off versus Andrew Ebbett in Panthers zone.
18:35 of 1st period - Snap shot by Ondrej Palat.
18:35 of 1st period - Shot Misses the Net.
18:51 of 1st period - Wrist shot by Andrew Ebbett.
18:51 of 1st period - Shot Misses the Net.
18:55 of 1st period - Slapshot by Andy McDonald.
18:55 of 1st period - Shot Blocked by Chris Phillips.
18:57 of 1st period - Slapshot by Matthew Spiller.
18:57 of 1st period - Deflect By Peter Prucha.
18:57 of 1st period - Stopped by Ilya Bryzgalov with a rebound.
18:59 of 1st period - Slapshot by Matthew Spiller.
18:59 of 1st period - Shot Blocked by Daniel Briere.
19:01 of 1st period - Backhand shot by Keith Aulie.
19:01 of 1st period - Shot Misses the Net.
19:03 of 1st period - Slapshot by Keith Aulie.
19:03 of 1st period - Stopped by Ilya Bryzgalov without a rebound.
19:04 of 1st period - Joe Thornton wins face-off versus Sidney Crosby in Capitals zone.
19:09 of 1st period - Steve Montador is hit by Patrick Marleau and loses puck.
19:20 of 1st period - Wrist shot by Jarome Iginla.
19:20 of 1st period - Shot Blocked by Steve Montador.
19:45 of 1st period - Slapshot by Sergei Samsonov.
19:45 of 1st period - Shot Misses the Net.
Goals for this period are 2 for Panthers vs 0 for Capitals.
Shots for this period are 9 for Panthers vs 11 for Capitals.
2nd period
0:01 of 2nd period - Joe Thornton wins face-off versus Sidney Crosby in neutral zone.
0:13 of 2nd period - Slapshot by Sidney Crosby.
0:13 of 2nd period - Shot Misses the Net.
0:15 of 2nd period - Wrist shot by Marian Hossa.
0:15 of 2nd period - Stopped by Ilya Bryzgalov with a rebound.
1:11 of 2nd period - Marian Hossa is hit by Joe Thornton and loses puck.
1:32 of 2nd period - Chris Phillips is hit by Andrew Ebbett and loses puck.
1:40 of 2nd period - Icing by Zdeno Chara.
1:41 of 2nd period - Jamie Langenbrunner wins face-off versus Scott Gomez in Capitals zone.
1:58 of 2nd period - Snap shot by Loui Eriksson.
1:58 of 2nd period - Goal by Loui Eriksson - Panthers : 3 - Capitals : 0.
1:59 of 2nd period - Joe Thornton wins face-off versus Sidney Crosby in neutral zone.
2:24 of 2nd period - Erik Gudbranson is hit by Zdeno Chara and loses puck.
2:33 of 2nd period - Slapshot by Daniel Briere.
2:33 of 2nd period - Shot Blocked by Steve Montador.
3:08 of 2nd period - Slapshot by Marek Zidlicky.
3:08 of 2nd period - Shot Blocked by Shawn Horcoff.
3:10 of 2nd period - Slapshot by Tom Preissing.
3:10 of 2nd period - Stopped by Antti Niemi without a rebound.
3:11 of 2nd period - Sidney Crosby wins face-off versus Daniel Briere in Panthers zone.
3:16 of 2nd period - Wrist shot by Sergei Samsonov.
3:16 of 2nd period - Stopped by Ilya Bryzgalov with a rebound.
3:22 of 2nd period - Keith Aulie is hit by Daniel Briere and loses puck.
3:31 of 2nd period - Matthew Spiller is hit by Zdeno Chara and loses puck.
3:42 of 2nd period - Jarome Iginla is hit by Keith Aulie and loses puck.
3:51 of 2nd period - Snap shot by Scott Gomez.
3:51 of 2nd period - Shot Misses the Net.
3:53 of 2nd period - Snap shot by Loui Eriksson.
3:53 of 2nd period - Goal by Loui Eriksson - Panthers : 4 - Capitals : 0.
3:53 of 2nd period - Jonas Gustavsson enters game.
3:54 of 2nd period - Sidney Crosby wins face-off versus Joe Thornton in neutral zone.
3:56 of 2nd period - Patrick Marleau beats up Erik Gudbranson.
3:56 of 2nd period - Penalty to Patrick Marleau for Fighting.
3:56 of 2nd period - Penalty to Erik Gudbranson for Fighting.
3:57 of 2nd period - Sidney Crosby wins face-off versus Joe Thornton in Capitals zone.
4:22 of 2nd period - Zdeno Chara is hit by Keith Aulie and loses puck.
5:06 of 2nd period - Keith Aulie is hit by Marek Zidlicky.
5:18 of 2nd period - Andy McDonald is hit by Jamie Langenbrunner and loses puck.
6:00 of 2nd period - Off-side.
6:01 of 2nd period - Shawn Horcoff wins face-off versus Saku Koivu in neutral zone.
6:37 of 2nd period - Wrist shot by Shawn Horcoff.
6:37 of 2nd period - Shot Misses the Net.
6:39 of 2nd period - Slapshot by Shawn Horcoff.
6:39 of 2nd period - Stopped by Jonas Gustavsson with a rebound.
6:41 of 2nd period - Wrist shot by Nick Schultz.
6:41 of 2nd period - Shot Blocked by Mike Hoffman.
6:43 of 2nd period - Slapshot by Nick Schultz.
6:43 of 2nd period - Shot Blocked by Zdeno Chara.
6:51 of 2nd period - Snap shot by Alexander Perezhogin.
6:51 of 2nd period - Stopped by Jonas Gustavsson with a rebound.
6:53 of 2nd period - Wrist shot by Alexander Perezhogin.
6:53 of 2nd period - Shot Blocked by Saku Koivu.
6:55 of 2nd period - Slapshot by Nick Schultz.
6:55 of 2nd period - Goal by Nick Schultz - Panthers : 5 - Capitals : 0.
6:56 of 2nd period - Sidney Crosby wins face-off versus Joe Thornton in neutral zone.
7:09 of 2nd period - Jarome Iginla is hit by Sergei Samsonov and loses puck.
7:29 of 2nd period - Daniel Briere is hit by Scott Gomez and loses puck.
7:50 of 2nd period - Minor Penalty to Joe Thornton for Hooking.
7:51 of 2nd period - Sidney Crosby wins face-off versus Ryan Callahan in Capitals zone.
8:03 of 2nd period - Wrist shot by Marian Hossa.
8:03 of 2nd period - Stopped by Jonas Gustavsson with a rebound.
8:05 of 2nd period - Slapshot by Keith Aulie.
8:05 of 2nd period - Stopped by Jonas Gustavsson without a rebound.
8:06 of 2nd period - Sidney Crosby wins face-off versus Ryan Callahan in Capitals zone.
8:15 of 2nd period - Slapshot by Marian Hossa.
8:15 of 2nd period - Shot Misses the Net.
8:17 of 2nd period - Wrist shot by Keith Aulie.
8:17 of 2nd period - Shot Misses the Net.
8:19 of 2nd period - Slapshot by Steve Montador.
8:19 of 2nd period - Shot Misses the Net.
8:21 of 2nd period - Wrist shot by Sergei Samsonov.
8:21 of 2nd period - Deflect By Daniel Briere.
8:21 of 2nd period - Shot Misses the Net.
8:21 of 2nd period - Puck is out of play.
8:22 of 2nd period - Ryan Callahan wins face-off versus Scott Gomez in Capitals zone.
8:37 of 2nd period - Slapshot by Jeff Tambellini.
8:37 of 2nd period - Stopped by Jonas Gustavsson without a rebound.
8:38 of 2nd period - Ryan Callahan wins face-off versus Sidney Crosby in Capitals zone.
8:46 of 2nd period - Off-side.
8:47 of 2nd period - Sidney Crosby wins face-off versus Ryan Callahan in neutral zone.
8:50 of 2nd period - Wrist shot by Sidney Crosby.
8:50 of 2nd period - Shot Misses the Net.
8:56 of 2nd period - Penalty to Patrick Marleau is over, Patrick Marleau is back on ice.
9:08 of 2nd period - Slapshot by Sergei Samsonov.
9:08 of 2nd period - Shot Misses the Net.
9:14 of 2nd period - Wrist shot by Marian Hossa.
9:14 of 2nd period - Stopped by Jonas Gustavsson without a rebound.
9:15 of 2nd period - Ryan Callahan wins face-off versus Loui Eriksson in Capitals zone.
9:50 of 2nd period - Penalty to Joe Thornton is over, Joe Thornton is back on ice.
9:55 of 2nd period - Off-side.
9:56 of 2nd period - Saku Koivu wins face-off versus Andrew Ebbett in neutral zone.
10:22 of 2nd period - Chris Phillips is hit by Sergei Samsonov and loses puck.
10:59 of 2nd period - Wrist shot by Loui Eriksson.
10:59 of 2nd period - Shot Misses the Net.
11:30 of 2nd period - Marek Zidlicky is hit by Brad Stuart and loses puck.
12:23 of 2nd period - Steve Montador is hit by Daniel Briere and loses puck.
12:50 of 2nd period - Slapshot by Peter Prucha.
12:50 of 2nd period - Stopped by Jonas Gustavsson with a rebound.
13:19 of 2nd period - Wrist shot by Marian Hossa.
13:19 of 2nd period - Stopped by Jonas Gustavsson with a rebound.
13:21 of 2nd period - Slapshot by Sidney Crosby.
13:21 of 2nd period - Stopped by Jonas Gustavsson with a rebound.
13:23 of 2nd period - Snap shot by Marian Hossa.
13:23 of 2nd period - Shot Blocked by Mark Giordano.
13:47 of 2nd period - Brian Boyle is hit by Peter Prucha and loses puck.
14:06 of 2nd period - Slapshot by Keith Aulie.
14:06 of 2nd period - Stopped by Jonas Gustavsson without a rebound.
14:07 of 2nd period - Shane Doan wins face-off versus Shawn Horcoff in Capitals zone.
14:32 of 2nd period - Wrist shot by Jeff Tambellini.
14:32 of 2nd period - Shot Misses the Net.
14:34 of 2nd period - Snap shot by Nick Schultz.
14:34 of 2nd period - Shot Misses the Net.
14:36 of 2nd period - Wrist shot by Loui Eriksson.
14:36 of 2nd period - Deflect By Jeff Tambellini.
14:36 of 2nd period - Stopped by Jonas Gustavsson without a rebound.
14:37 of 2nd period - Daniel Briere wins face-off versus Scott Gomez in Capitals zone.
14:39 of 2nd period - Scott Gomez beats up Ondrej Palat.
14:39 of 2nd period - Penalty to Ondrej Palat for Fighting.
14:39 of 2nd period - Penalty to Scott Gomez for Fighting.
14:40 of 2nd period - Sidney Crosby wins face-off versus Joe Thornton in neutral zone.
14:51 of 2nd period - Snap shot by Sidney Crosby.
14:51 of 2nd period - Stopped by Jonas Gustavsson without a rebound.
14:52 of 2nd period - Joe Thornton wins face-off versus Sidney Crosby in Capitals zone.
14:54 of 2nd period - Icing by Chris Phillips.
14:55 of 2nd period - Marian Hossa wins face-off versus Joe Thornton in Capitals zone.
14:56 of 2nd period - Slapshot by Sidney Crosby.
14:56 of 2nd period - Deflect By Jarome Iginla.
14:56 of 2nd period - Stopped by Jonas Gustavsson without a rebound.
14:57 of 2nd period - Sidney Crosby wins face-off versus Joe Thornton in Capitals zone.
15:42 of 2nd period - Snap shot by Daniel Briere.
15:42 of 2nd period - Stopped by Antti Niemi without a rebound.
15:43 of 2nd period - Daniel Briere wins face-off versus Shawn Horcoff in Panthers zone.
15:58 of 2nd period - Wrist shot by Jamie Langenbrunner.
15:58 of 2nd period - Deflect By Daniel Briere.
15:58 of 2nd period - Shot Misses the Net.
15:58 of 2nd period - Puck is out of play.
15:59 of 2nd period - Sidney Crosby wins face-off versus Saku Koivu in Panthers zone.
16:38 of 2nd period - Snap shot by Loui Eriksson.
16:38 of 2nd period - Shot Blocked by Joe Thornton.
17:39 of 2nd period - Slapshot by Andrew Ebbett.
17:39 of 2nd period - Shot Blocked by Zdeno Chara.
17:41 of 2nd period - Wrist shot by Andy McDonald.
17:41 of 2nd period - Stopped by Jonas Gustavsson with a rebound.
17:43 of 2nd period - Slapshot by Peter Prucha.
17:43 of 2nd period - Stopped by Jonas Gustavsson with a rebound.
17:45 of 2nd period - Slapshot by Matthew Spiller.
17:45 of 2nd period - Stopped by Jonas Gustavsson without a rebound.
17:46 of 2nd period - Sidney Crosby wins face-off versus Jamie Langenbrunner in Capitals zone.
17:59 of 2nd period - Snap shot by Jamie Langenbrunner.
17:59 of 2nd period - Shot Misses the Net.
18:01 of 2nd period - Wrist shot by Daniel Briere.
18:01 of 2nd period - Stopped by Antti Niemi with a rebound.
18:11 of 2nd period - Chris Phillips is hit by Andrew Ebbett and loses puck.
18:30 of 2nd period - Mike Hoffman is hit by Alexander Perezhogin and loses puck.
18:45 of 2nd period - Snap shot by Loui Eriksson.
18:45 of 2nd period - Shot Blocked by Chris Phillips.
Goals for this period are 3 for Panthers vs 0 for Capitals.
Shots for this period are 21 for Panthers vs 3 for Capitals.
3rd period
0:01 of 3rd period - Joe Thornton wins face-off versus Sidney Crosby in neutral zone.
0:36 of 3rd period - Wrist shot by Ondrej Palat.
0:36 of 3rd period - Stopped by Antti Niemi with a rebound.
0:38 of 3rd period - Slapshot by Chris Phillips.
0:38 of 3rd period - Goal by Chris Phillips - Panthers : 5 - Capitals : 1.
0:39 of 3rd period - Sidney Crosby wins face-off versus Joe Thornton in neutral zone.
0:45 of 3rd period - Zdeno Chara beats up Sergei Samsonov.
0:45 of 3rd period - Penalty to Zdeno Chara for Fighting.
0:45 of 3rd period - Penalty to Sergei Samsonov for Fighting.
0:46 of 3rd period - Joe Thornton wins face-off versus Sidney Crosby in Capitals zone.
0:55 of 3rd period - Slapshot by Erik Karlsson.
0:55 of 3rd period - Stopped by Antti Niemi without a rebound.
0:56 of 3rd period - Joe Thornton wins face-off versus Sidney Crosby in Panthers zone.
0:59 of 3rd period - Snap shot by Jarome Iginla.
0:59 of 3rd period - Shot Misses the Net.
1:01 of 3rd period - Snap shot by Patrick Marleau.
1:01 of 3rd period - Shot Misses the Net.
1:03 of 3rd period - Slapshot by Chris Phillips.
1:03 of 3rd period - Stopped by Antti Niemi with a rebound.
1:05 of 3rd period - Wrist shot by Jarome Iginla.
1:05 of 3rd period - Stopped by Antti Niemi with a rebound.
1:07 of 3rd period - Wrist shot by Jarome Iginla.
1:07 of 3rd period - Stopped by Antti Niemi with a rebound.
1:09 of 3rd period - Snap shot by Chris Phillips.
1:09 of 3rd period - Deflect By Patrick Marleau.
1:09 of 3rd period - Stopped by Antti Niemi with a rebound.
1:11 of 3rd period - Snap shot by Chris Phillips.
1:11 of 3rd period - Shot Hit the Post.
1:13 of 3rd period - Snap shot by Patrick Marleau.
1:13 of 3rd period - Shot Misses the Net.
1:15 of 3rd period - Slapshot by Joe Thornton.
1:15 of 3rd period - Shot Misses the Net.
1:17 of 3rd period - Snap shot by Chris Phillips.
1:17 of 3rd period - Shot Misses the Net.
1:19 of 3rd period - Snap shot by Joe Thornton.
1:19 of 3rd period - Deflect By Patrick Marleau.
1:19 of 3rd period - Shot Blocked by Steve Montador.
1:19 of 3rd period - Puck is out of play.
1:20 of 3rd period - Andrew Ebbett wins face-off versus Daniel Briere in Panthers zone.
1:45 of 3rd period - Shane Doan is hit by Loui Eriksson and loses puck.
1:52 of 3rd period - Wrist shot by Scott Gomez.
1:52 of 3rd period - Shot Blocked by Shane Doan.
2:15 of 3rd period - Backhand shot by Joe Thornton.
2:15 of 3rd period - Shot Misses the Net.
2:32 of 3rd period - Off-side.
2:33 of 3rd period - Daniel Briere wins face-off versus Shawn Horcoff in neutral zone.
2:40 of 3rd period - Slapshot by Ondrej Palat.
2:40 of 3rd period - Stopped by Antti Niemi with a rebound.
2:42 of 3rd period - Backhand shot by Erik Karlsson.
2:42 of 3rd period - Deflect By Matthew Spiller.
2:42 of 3rd period - Stopped by Antti Niemi without a rebound.
2:43 of 3rd period - Sidney Crosby wins face-off versus Joe Thornton in Panthers zone.
2:45 of 3rd period - Joe Thornton and Keith Aulie fight to a draw.
2:45 of 3rd period - Penalty to Joe Thornton for Fighting.
2:45 of 3rd period - Penalty to Keith Aulie for Fighting.
2:46 of 3rd period - Marian Hossa wins face-off versus Tyler Seguin in Panthers zone.
3:09 of 3rd period - Minor Penalty to Chris Phillips for Hooking.
3:10 of 3rd period - Sidney Crosby wins face-off versus Ryan Callahan in Capitals zone.
3:24 of 3rd period - Snap shot by Marian Hossa.
3:24 of 3rd period - Shot Misses the Net.
3:26 of 3rd period - Snap shot by Scott Gomez.
3:26 of 3rd period - Goal by Scott Gomez - Panthers : 6 - Capitals : 1.
3:27 of 3rd period - Sidney Crosby wins face-off versus Tyler Seguin in neutral zone.
3:54 of 3rd period - Slapshot by Shawn Horcoff.
3:54 of 3rd period - Stopped by Jonas Gustavsson with a rebound.
3:56 of 3rd period - Backhand shot by Brad Stuart.
3:56 of 3rd period - Shot Misses the Net.
4:02 of 3rd period - Wrist shot by Shawn Horcoff.
4:02 of 3rd period - Stopped by Jonas Gustavsson with a rebound.
4:16 of 3rd period - Chris Phillips is hit by Jeff Tambellini and loses puck.
4:31 of 3rd period - Minor Penalty to Chris Phillips for Hooking.
4:32 of 3rd period - Marian Hossa wins face-off versus Ryan Callahan in Capitals zone.
5:23 of 3rd period - Jeff Tambellini is hit by Ondrej Palat and loses puck.
5:45 of 3rd period - Penalty to Zdeno Chara is over, Zdeno Chara is back on ice.
5:59 of 3rd period - Slapshot by Brad Stuart.
5:59 of 3rd period - Shot Blocked by Zdeno Chara.
6:31 of 3rd period - Penalty to Chris Phillips is over, Chris Phillips is back on ice.
6:50 of 3rd period - Pasi Salonen is hit by Patrick Marleau and loses puck.
7:49 of 3rd period - Off-side.
7:50 of 3rd period - Daniel Briere wins face-off versus Shawn Horcoff in neutral zone.
7:59 of 3rd period - Alexander Perezhogin is hit by Jamie Langenbrunner and loses puck.
8:37 of 3rd period - Snap shot by Sidney Crosby.
8:37 of 3rd period - Shot Misses the Net.
8:39 of 3rd period - Wrist shot by Erik Gudbranson.
8:39 of 3rd period - Stopped by Jonas Gustavsson with a rebound.
8:41 of 3rd period - Wrist shot by Jeff Tambellini.
8:41 of 3rd period - Stopped by Jonas Gustavsson with a rebound.
8:43 of 3rd period - Wrist shot by Loui Eriksson.
8:43 of 3rd period - Shot Blocked by Chris Phillips.
8:45 of 3rd period - Snap shot by Jeff Tambellini.
8:45 of 3rd period - Stopped by Jonas Gustavsson without a rebound.
8:46 of 3rd period - Daniel Briere wins face-off versus Jeff Tambellini in Capitals zone.
8:46 of 3rd period - Daniel Briere is hit by Matthew Spiller.
8:59 of 3rd period - Scott Gomez is hit by Daniel Briere and loses puck.
9:41 of 3rd period - Backhand shot by Brad Stuart.
9:41 of 3rd period - Deflect By Chris Phillips.
9:41 of 3rd period - Stopped by Jonas Gustavsson with a rebound.
9:43 of 3rd period - Snap shot by Andrew Ebbett.
9:43 of 3rd period - Stopped by Jonas Gustavsson without a rebound.
9:44 of 3rd period - Daniel Briere wins face-off versus Scott Gomez in Capitals zone.
10:11 of 3rd period - Marian Hossa is hit by Jarome Iginla and loses puck.
10:40 of 3rd period - Wrist shot by Steve Montador.
10:40 of 3rd period - Shot Blocked by Mike Hoffman.
10:42 of 3rd period - Slapshot by Peter Prucha.
10:42 of 3rd period - Stopped by Jonas Gustavsson with a rebound.
10:58 of 3rd period - Wrist shot by Shane Doan.
10:58 of 3rd period - Shot Hit the Post.
11:16 of 3rd period - Wrist shot by Shane Doan.
11:16 of 3rd period - Shot Misses the Net.
11:24 of 3rd period - Wrist shot by Shane Doan.
11:24 of 3rd period - Stopped by Antti Niemi with a rebound.
11:26 of 3rd period - Slapshot by Mark Giordano.
11:26 of 3rd period - Stopped by Antti Niemi with a rebound.
11:38 of 3rd period - Snap shot by Shane Doan.
11:38 of 3rd period - Stopped by Antti Niemi with a rebound.
11:40 of 3rd period - Slapshot by Erik Karlsson.
11:40 of 3rd period - Stopped by Antti Niemi with a rebound.
11:42 of 3rd period - Wrist shot by Shane Doan.
11:42 of 3rd period - Stopped by Antti Niemi without a rebound.
11:43 of 3rd period - Sidney Crosby wins face-off versus Joe Thornton in Panthers zone.
11:43 of 3rd period - Sidney Crosby is hit by Jarome Iginla.
11:46 of 3rd period - Minor Penalty to Marian Hossa for Slashing.
11:47 of 3rd period - Loui Eriksson wins face-off versus Jarome Iginla in Panthers zone.
13:00 of 3rd period - Patrick Marleau is hit by Sergei Samsonov and loses puck.
13:09 of 3rd period - Snap shot by Scott Gomez.
13:09 of 3rd period - Goal by Scott Gomez - Panthers : 7 - Capitals : 1.
13:10 of 3rd period - Sidney Crosby wins face-off versus Daniel Briere in neutral zone.
13:46 of 3rd period - Penalty to Marian Hossa is over, Marian Hossa is back on ice.
13:54 of 3rd period - Icing by Matthew Spiller.
13:55 of 3rd period - Saku Koivu wins face-off versus Scott Gomez in Panthers zone.
13:56 of 3rd period - Wrist shot by Shane Doan.
13:56 of 3rd period - Shot Blocked by Marian Hossa.
13:58 of 3rd period - Snap shot by Mike Hoffman.
13:58 of 3rd period - Shot Misses the Net.
14:00 of 3rd period - Slapshot by Marek Zidlicky.
14:00 of 3rd period - Stopped by Antti Niemi without a rebound.
14:01 of 3rd period - Saku Koivu wins face-off versus Sidney Crosby in Panthers zone.
14:04 of 3rd period - Wrist shot by Shane Doan.
14:04 of 3rd period - Shot Misses the Net.
14:16 of 3rd period - Slapshot by Sergei Samsonov.
14:16 of 3rd period - Shot Misses the Net.
15:31 of 3rd period - Off-side.
15:32 of 3rd period - Pasi Salonen wins face-off versus Brian Boyle in neutral zone.
15:57 of 3rd period - Snap shot by Scott Gomez.
15:57 of 3rd period - Shot Misses the Net.
16:10 of 3rd period - Off-side.
16:11 of 3rd period - Sidney Crosby wins face-off versus Daniel Briere in neutral zone.
16:36 of 3rd period - Mike Hoffman is hit by Scott Gomez and loses puck.
17:00 of 3rd period - Joe Thornton is hit by Andy McDonald and loses puck.
17:35 of 3rd period - Brian Boyle is hit by Shawn Horcoff and loses puck.
18:10 of 3rd period - Wrist shot by Patrick Marleau.
18:10 of 3rd period - Deflect By Joe Thornton.
18:10 of 3rd period - Shot Misses the Net.
18:10 of 3rd period - Puck is out of play.
18:11 of 3rd period - Sidney Crosby wins face-off versus Joe Thornton in Panthers zone.
18:16 of 3rd period - Slapshot by Joe Thornton.
18:16 of 3rd period - Shot Blocked by Matthew Spiller.
18:38 of 3rd period - Peter Prucha is hit by Erik Karlsson.
18:44 of 3rd period - Wrist shot by Saku Koivu.
18:44 of 3rd period - Stopped by Antti Niemi with a rebound.
19:04 of 3rd period - Jeff Tambellini is hit by Marek Zidlicky and loses puck.
19:17 of 3rd period - Marek Zidlicky is hit by Pasi Salonen and loses puck.
19:43 of 3rd period - Wrist shot by Sergei Samsonov.
19:43 of 3rd period - Shot Misses the Net.
19:59 of 3rd period - Snap shot by Jamie Langenbrunner.
19:59 of 3rd period - Shot Blocked by Erik Gudbranson.
Goals for this period are 2 for Panthers vs 1 for Capitals.
Shots for this period are 10 for Panthers vs 16 for Capitals.
Back to the Top